ABL
MELBOURNE DEMONS @ CANBERRA RAIDERS
04/16/2022
 
TOP OF THE 1ST
Melbourne Demons batting - Pitching for Canberra Raiders : RHP Frank Marris
Pitching: RHP Frank Marris
Batting: RHB Colin Fraser 0-0: Ball
1-0: Called Strike
1-1: Ball
2-1: Called Strike
2-2: Foul Ball, location: 3F
2-2: Fly out, F9 (Line Drive, 89M, EV 93.8 MPH)
Batting: RHB Everton Leaper 0-0: Ground out 4-3 (Groundball, 4, EV 110.0 MPH)
Batting: RHB Les Davies 0-0: Fly out, F9 (Line Drive, 9D, EV 91.3 MPH)
Top of the 1st over - 0 runs, 0 hits, 0 errors, 0 left on base; Melbourne 0 - Canberra 0
BOTTOM OF THE 1ST
Canberra Raiders batting - Pitching for Melbourne Demons : RHP Matthew Adam
Pitching: RHP Matthew Adam
Batting: RHB Bob Burdikin 0-0: Ground out 5-3 (Groundball, 5, EV 88.1 MPH)
Batting: SHB Matt Melsome 0-0: Called Strike
0-1: Ball
1-1: Ball
2-1: Foul Ball, location: 2F
2-2: Ball
3-2: Fly out, F8 (Flyball, 89M, EV 91.3 MPH)
Batting: LHB Les Westren 0-0: Ball
1-0: Ball
2-0: Called Strike
2-1: Ball
3-1: Base on Balls
Batting: RHB Jory Esplin 0-0: Foul Ball, location: 2F
0-1: Ball
1-1: Ground out 4-3 (Groundball, 34, EV 81.9 MPH)
Bottom of the 1st over - 0 runs, 0 hits, 0 errors, 1 left on base; Melbourne 0 - Canberra 0
TOP OF THE 2ND
Melbourne Demons batting - Pitching for Canberra Raiders : RHP Frank Marris
Batting: LHB Luke Kelly 0-0: Ball
1-0: Ball
2-0: Fly out, F7 (Flyball, 78M, EV 94.4 MPH)
Batting: SHB Keary Aves 0-0: Ground out 4-3 (Groundball, 4, EV 88.8 MPH)
Batting: RHB Leon Mortimer 0-0: Ball
1-0: Called Strike
1-1: Called Strike
1-2: Strikes out looking
Top of the 2nd over - 0 runs, 0 hits, 0 errors, 0 left on base; Melbourne 0 - Canberra 0
BOTTOM OF THE 2ND
Canberra Raiders batting - Pitching for Melbourne Demons : RHP Matthew Adam
Batting: RHB Tim Kennelly 0-0: SOLO HOME RUN (Flyball, 9LD, EV 93.1 MPH), Distance : 339 ft
Batting: LHB Glen Hamlyn 0-0: Swinging Strike
0-1: Ground out 6-3 (Groundball, 4MS, EV 68.1 MPH)
Batting: LHB Trent Tombs 0-0: Ball
1-0: Ball
2-0: Called Strike
2-1: Swinging Strike
2-2: Ground out 6-3 (Groundball, 6, EV 101.3 MPH)
Batting: LHB Frank Marris 0-0: Swinging Strike
0-1: SINGLE (Groundball, 34D, EV 103.1 MPH)
Batting: RHB Brad Windus 0-0: Called Strike
0-1: Foul Ball, location: 2RF
0-2: Foul Ball, location: 3FF
0-2: Ball
1-2: SINGLE (Groundball, 56D, EV 110.0 MPH)
Frank Marris to second
Batting: RHB Bob Burdikin 0-0: Ball
1-0: Foul Ball, location: 3FF
1-1: Fly out, F9 (Flyball, 89M, EV 96.3 MPH)
Bottom of the 2nd over - 1 run, 3 hits, 0 errors, 2 left on base; Melbourne 0 - Canberra 1
TOP OF THE 3RD
Melbourne Demons batting - Pitching for Canberra Raiders : RHP Frank Marris
Batting: RHB Jose Ruiz 0-0: Called Strike
0-1: Ground out 4-3 (Groundball, 4, EV 91.3 MPH)
Batting: RHB Arran Stalker 0-0: Ball
1-0: Ball
2-0: Ball
3-0: Called Strike
3-1: Foul Ball, location: 2F
3-2: Strikes out looking
Batting: RHB Matthew Adam 0-0: Ball
1-0: Fly out, F8 (Flyball, 8RM, EV 90.6 MPH)
Top of the 3rd over - 0 runs, 0 hits, 0 errors, 0 left on base; Melbourne 0 - Canberra 1
BOTTOM OF THE 3RD
Canberra Raiders batting - Pitching for Melbourne Demons : RHP Matthew Adam
Batting: SHB Matt Melsome 0-0: Ball
1-0: Swinging Strike
1-1: Ground out 3-1 (Groundball, 34S, EV 87.5 MPH)
Batting: LHB Les Westren 0-0: Called Strike
0-1: Called Strike
0-2: Strikes out swinging
Batting: RHB Jory Esplin 0-0: Foul Ball, location: 5FF
0-1: Ball
1-1: Foul Ball, location: 9LSF
1-2: Ball
2-2: Ball
3-2: Reached on error, E6 (Groundball, 4MD, EV 99.4 MPH)
Batting: RHB Tim Kennelly 0-0: Called Strike
0-1: Ball
1-1: Ball
2-1: Ball
3-1: Called Strike
3-2: Foul Ball, location: 3SF
3-2: Strikes out swinging
Bottom of the 3rd over - 0 runs, 0 hits, 1 error, 1 left on base; Melbourne 0 - Canberra 1
TOP OF THE 4TH
Melbourne Demons batting - Pitching for Canberra Raiders : RHP Frank Marris
Batting: RHB Colin Fraser 0-0: Ball
1-0: Ground out 6-3 (Groundball, P, EV 83.1 MPH)
Batting: RHB Everton Leaper 0-0: Ball
1-0: Called Strike
1-1: Ball
2-1: Ball
3-1: Base on Balls
Batting: RHB Les Davies 0-0: Grounds into double play, 6-4-3 (Groundball, 56, EV 103.1 MPH)
Top of the 4th over - 0 runs, 0 hits, 0 errors, 0 left on base; Melbourne 0 - Canberra 1
BOTTOM OF THE 4TH
Canberra Raiders batting - Pitching for Melbourne Demons : RHP Matthew Adam
Batting: LHB Glen Hamlyn 0-0: Ball
1-0: Ball
2-0: Foul Ball, location: 2F
2-1: SINGLE (Groundball, 56D, EV 103.8 MPH)
Batting: LHB Trent Tombs 0-0: Ball
1-0: Swinging Strike
1-1: Foul Ball, location: 9LSFF
1-2: SINGLE (Flyball, 78S, EV 95.0 MPH)
Glen Hamlyn to second
Batting: LHB Frank Marris 0-0: Bunted foul
0-1: Sac Bunt to 3S - play at first, batter OUT! 3-4
Glen Hamlyn to third
Trent Tombs to second
Batting: RHB Brad Windus 0-0: Called Strike
0-1: Ball
1-1: Called Strike
1-2: Ball
2-2: Ball
Wild Pitch!
Glen Hamlyn scores
Trent Tombs to third
3-2: Base on Balls
Batting: RHB Bob Burdikin 0-0: Ball
1-0: Called Strike
1-1: Grounds into double play, 5-4-3 (Groundball, 56, EV 86.3 MPH)
Bottom of the 4th over - 1 run, 2 hits, 0 errors, 1 left on base; Melbourne 0 - Canberra 2
TOP OF THE 5TH
Melbourne Demons batting - Pitching for Canberra Raiders : RHP Frank Marris
Batting: LHB Luke Kelly 0-0: Called Strike
0-1: Ball
1-1: Swinging Strike
1-2: Foul Ball, location: 3F
1-2: Fly out, F5 (Popup, 5SF, EV 81.9 MPH)
Batting: SHB Keary Aves 0-0: Called Strike
0-1: Ball
1-1: Foul Ball, location: 2F
1-2: Ball
2-2: Ball
3-2: Strikes out swinging
Batting: RHB Leon Mortimer 0-0: Ball
1-0: Called Strike
1-1: Swinging Strike
1-2: Strikes out swinging
Top of the 5th over - 0 runs, 0 hits, 0 errors, 0 left on base; Melbourne 0 - Canberra 2
BOTTOM OF THE 5TH
Canberra Raiders batting - Pitching for Melbourne Demons : RHP Matthew Adam
Batting: SHB Matt Melsome 0-0: Foul Ball, location: 2F
0-1: Ball
1-1: Swinging Strike
1-2: Foul Ball, location: 2F
1-2: Ball
2-2: Ball
3-2: Base on Balls
Batting: LHB Les Westren 0-0: Ball
1-0: Foul Ball, location: 2F
1-1: Ball
2-1: Fly out, F8 (Line Drive, 8LM, EV 95.0 MPH)
Batting: RHB Jory Esplin 0-0: Ball
1-0: Ball
2-0: Ball
3-0: Base on Balls
Matt Melsome to second
Batting: RHB Tim Kennelly 0-0: Fielders Choice at 2nd, 4-6 (Groundball, 4, EV 108.8 MPH)
Matt Melsome to third
Batting: LHB Glen Hamlyn 0-0: Swinging Strike
0-1: Fly out, F8 (Flyball, 78M, EV 86.3 MPH)
Bottom of the 5th over - 0 runs, 0 hits, 0 errors, 2 left on base; Melbourne 0 - Canberra 2
TOP OF THE 6TH
Melbourne Demons batting - Pitching for Canberra Raiders : RHP Frank Marris
Batting: RHB Jose Ruiz 0-0: Ball
1-0: Ball
2-0: Foul Ball, location: 5DF
2-1: SINGLE (Line Drive, 8RS, EV 89.4 MPH)
Batting: RHB Arran Stalker 0-0: Called Strike
0-1: Ball
1-1: Ball
2-1: Foul Ball, location: 23F
2-2: Strikes out looking
Batting: RHB Matthew Adam 0-0: Sac Bunt to P - play at first, batter OUT! 1-3
Jose Ruiz to second
Batting: RHB Colin Fraser 0-0: Ball
1-0: Called Strike
1-1: Foul Ball, location: 5SF
1-2: Ground out 3-1 (Groundball, 34, EV 80.0 MPH)
Top of the 6th over - 0 runs, 1 hit, 0 errors, 1 left on base; Melbourne 0 - Canberra 2
BOTTOM OF THE 6TH
Canberra Raiders batting - Pitching for Melbourne Demons : RHP Matthew Adam
Batting: LHB Trent Tombs 0-0: Called Strike
0-1: Ball
1-1: Ball
2-1: Foul Ball, location: 2F
2-2: Foul Ball, location: 2F
2-2: Strikes out swinging
Batting: LHB Frank Marris 0-0: Called Strike
0-1: Swinging Strike
0-2: SINGLE (Line Drive, 6MD, EV 107.5 MPH)
Batting: RHB Brad Windus 0-0: Ball
1-0: Ball
2-0: Called Strike
2-1: Swinging Strike
2-2: Ball
3-2: Foul Ball, location: 7LDF
3-2: Strikes out swinging
Batting: RHB Bob Burdikin 0-0: Foul Ball, location: 2F
0-1: Ball
1-1: Ball
2-1: Fielders Choice at 2nd, 5-4 (Groundball, 56, EV 90.0 MPH)
Bottom of the 6th over - 0 runs, 1 hit, 0 errors, 1 left on base; Melbourne 0 - Canberra 2
TOP OF THE 7TH
Melbourne Demons batting - Pitching for Canberra Raiders : RHP Frank Marris
Batting: RHB Everton Leaper 0-0: Ball
1-0: Ball
2-0: Ground out 1-3 (Groundball, 15S, EV 64.4 MPH)
Batting: RHB Les Davies 0-0: Ball
1-0: Called Strike
1-1: Ball
2-1: Ball
3-1: Base on Balls
Batting: LHB Luke Kelly 0-0: SINGLE (Line Drive, 4M, EV 94.4 MPH)
Les Davies to second
Batting: SHB Keary Aves 0-0: Ball
1-0: Ball
2-0: Swinging Strike
2-1: Swinging Strike
2-2: Strikes out swinging
Pinch Hitting: RHB Willie Monroe 0-0: Ball
1-0: Foul Ball, location: 2F
1-1: Ball
2-1: Called Strike
2-2: Ground out 5-3 (Groundball, 15, EV 85.0 MPH)
Top of the 7th over - 0 runs, 1 hit, 0 errors, 2 left on base; Melbourne 0 - Canberra 2
BOTTOM OF THE 7TH
Canberra Raiders batting - Pitching for Melbourne Demons : RHP Matthew Adam
Pitching: RHP Kylan Anlezark
Now at 3B: Bob Kirk
Batting: SHB Matt Melsome 0-0: Foul Ball, location: 7LMF
0-1: Ball
1-1: Swinging Strike
1-2: Ball
2-2: Foul Ball, location: 5FF
2-2: Foul Ball, location: 3F
2-2: SINGLE (Line Drive, 9S, EV 104.4 MPH)
Batting: LHB Les Westren 0-0: Called Strike
0-1: Ball
1-1: Called Strike
1-2: Ball
2-2: Grounds into double play, 4-6-3 (Groundball, 4, EV 98.1 MPH)
Batting: RHB Jory Esplin 0-0: Ball
1-0: SINGLE (Groundball, 6MD, EV 95.0 MPH)
Batting: RHB Tim Kennelly 0-0: Fielders Choice at 2nd, 6-4 (Groundball, 56, EV 90.6 MPH)
Bottom of the 7th over - 0 runs, 2 hits, 0 errors, 1 left on base; Melbourne 0 - Canberra 2
TOP OF THE 8TH
Melbourne Demons batting - Pitching for Canberra Raiders : RHP Frank Marris
Batting: RHB Jose Ruiz 0-0: Called Strike
0-1: Ball
1-1: Fly out, F9 (Line Drive, 9LS, EV 93.8 MPH)
Batting: RHB Arran Stalker 0-0: Ball
1-0: Ground out 3-1 (Groundball, 34, EV 101.3 MPH)
Batting: RHB Bob Kirk 0-0: Ball
1-0: Ball
2-0: Ball
3-0: Called Strike
3-1: Base on Balls
Batting: RHB Colin Fraser 0-0: Called Strike
0-1: Swinging Strike
0-2: Strikes out swinging
Top of the 8th over - 0 runs, 0 hits, 0 errors, 1 left on base; Melbourne 0 - Canberra 2
BOTTOM OF THE 8TH
Canberra Raiders batting - Pitching for Melbourne Demons : RHP Kylan Anlezark
Batting: LHB Glen Hamlyn 0-0: Fly out, F8 (Flyball, 8RXD, EV 94.4 MPH)
Batting: LHB Trent Tombs 0-0: Fly out, F8 (Flyball, 8LD, EV 91.3 MPH)
Batting: LHB Frank Marris 0-0: Fly out, F9 (Flyball, 9D, EV 95.6 MPH)
Bottom of the 8th over - 0 runs, 0 hits, 0 errors, 0 left on base; Melbourne 0 - Canberra 2
TOP OF THE 9TH
Melbourne Demons batting - Pitching for Canberra Raiders : RHP Frank Marris
Pitching: RHP Ozzie Rawle
Now at 2B: Jory Esplin
Now at 3B: Jamie Aplin
Batting: RHB Everton Leaper 0-0: Foul Ball, location: 2F
0-1: Ball
1-1: Called Strike
1-2: Fly out, F5 (Line Drive, 5, EV 73.1 MPH)
Batting: RHB Les Davies 0-0: Called Strike
0-1: Called Strike
0-2: Strikes out swinging
Batting: LHB Luke Kelly 0-0: Ball
1-0: Swinging Strike
1-1: Ball
2-1: Fly out, F8 (Line Drive, 8LXD, EV 92.5 MPH)
Top of the 9th over - 0 runs, 0 hits, 0 errors, 0 left on base; Melbourne 0 - Canberra 2
Tuesday, April 23rd , 2024 - OOTP Baseball 24.9 Build 80